 Dungeon Crawl Stone Soup version 0.28-a0-998-gb9e9c7b67e (webtiles) character file.

Game seed: 5126409515688893407

62 ytrimaz the Scratcher (level 3, -1/17 HPs)
             Began as a Felid Chaos Knight on Dec 6, 2021.
             Was a Plaything of Xom.
             Slain by a scorpion (6 damage)
             ... on level 3 of the Dungeon.
             The game lasted 00:04:03 (3185 turns).

ytrimaz the Scratcher (Felid Chaos Knight)          Turns: 3185, Time: 00:04:04

Health: -1/17      AC:  1    Str: 13 (14) XL:     3   Next: 85%
Magic:  3/5        EV: 18    Int: 14 (15) God:    Xom [..*...]
Gold:   135        SH:  0    Dex: 15      Spells: 3/4 levels left
                                        Lives:  0   Deaths: 0

rFire   . . .      SeeInvis +     - Unarmed
rCold   . . .      Faith    .   (shield unavailable)
rNeg    . . .      Spirit   .   (armour unavailable)
rPois   .          Reflect  .   (helmet unavailable)
rElec   .          Harm     .   (cloak unavailable)
rCorr   .          Rampage  .   (gloves unavailable)
Will    .....      Clarity  +   (boots unavailable)
Stlth   ++........              (no amulet)
HPRegen 0.05/turn               c - +6 ring of strength
MPRegen 0.09/turn               (no ring)

@: very slightly contaminated, invisible, quick
A: very small, claws 1, fangs 3, see invisible, speed 1, shaggy fur 1, stealthy
paws, no weapons or thrown items, no armour, multi-lived, camouflage 1, clarity
a: Renounce Religion


You were on level 3 of the Dungeon.
You worshipped Xom.
You were a toy of Xom.
You visited 1 branch of the dungeon, and saw 3 of its levels.

You collected 135 gold pieces.

Inventory:

Jewellery
 c - a +6 ring of strength (left paw)
Scrolls
 b - a scroll of identify {unknown}
Potions
 a - 2 potions of curing
 d - a potion of ambrosia


   Skills:
 + Level 3.3 Fighting
 + Level 3.6 Dodging
 + Level 3.7 Unarmed Combat
 * Level 1.3 Spellcasting
 * Level 0.8 Air Magic


You had 3 spell levels left.
You knew the following spells:

 Your Spells              Type           Power      Damage    Failure   Level
a - Shock                 Conj/Air       8%         1d3       22%         1

Your spell library contained the following spells:

 Spells                   Type           Power      Damage    Failure   Level
 Corpse Rot               Necr/Air       4%         N/A       32%         2
 Poisonous Vapours        Pois/Air       4%         N/A       32%         2
 Freezing Cloud           Conj/Ice/Air   0%         6-21      99%         5
 Lightning Bolt           Conj/Air       1%         1d12      99%         5


Dungeon Overview and Level Annotations

Branches:
Dungeon (3/15)

Altars:


Innate Abilities, Weirdness & Mutations

You have sharp claws.
You have razor-sharp teeth.
You have supernaturally acute eyesight. (SInv)
You cover ground quickly. (Speed+)
You are covered in fur. (AC +1)
Your paws help you pounce on unaware monsters.
You are incapable of wielding weapons or throwing items.
You cannot wear armour.
You gain extra lives every three experience levels.
Your skin changes colour to match your surroundings (Stealth+).
You possess an exceptional clarity of mind.


Message History

Nothing appears to happen.
Xom's power touches on your mind for a moment.
The scorpion looks rather confused.
The scorpion seems less confused.
The scorpion stings you.
You barely miss the scorpion.
The scorpion is lightly wounded.
The scorpion barely misses you. The scorpion misses you.
You scratch the scorpion but do no damage.
The scorpion is lightly wounded.
The scorpion barely misses you.
You completely miss the scorpion. The scorpion closely misses you.
You scratch the scorpion. You bite the scorpion.
The scorpion is lightly wounded.
The scorpion stings you.
* * * LOW HITPOINT WARNING * * *
You scratch the scorpion.
The scorpion is moderately wounded.
Xom grants you a minor favour.
You fade into invisibility!
The scorpion misses you.
Unknown command.
You scratch the scorpion but do no damage.
The scorpion is moderately wounded.
The scorpion misses you.
Unknown command.
You barely miss the scorpion.
The scorpion is moderately wounded.
Unknown command.
Unknown command.
You scratch the scorpion.
You bite the scorpion, but do no damage.
The scorpion is moderately wounded.
Xom's power flows through you! A chill wind blows around you.
The scorpion closely misses you.
Unknown command.
You scratch the scorpion but do no damage.
The scorpion is moderately wounded.
The scorpion stings you.
You die... "It's all fun and games until someone loses an eye."

## ##... #.## #...#
####...### # #...#
#.......≈# # #...# #..
....≈# # #...# #.#
Y..≈≈# #
#...#####.##..≈≈≈# #
#...##....†@s.≈≈≈#
######...##.##.##..≈≈≈≈#
................#..≈≈≈##
..(........#....#..≈≈≈#
^...............#..#≈##
######...##.#####..#≈# #
####(..##... ... #
#......###### ###
.#....##


You could see a scorpion (ally target) and a friendly ice beast (summoned).

Vanquished Creatures
  2 worms
  A dart slug (D:3)
  3 orcs (D:3)
  6 endoplasms
  3 giant cockroaches
  5 goblins
  2 hobgoblins
  3 jackals (D:1)
  3 quokkas
  6 ball pythons
  2 bats
  4 frilled lizards (D:1)
  2 kobolds (D:1)
  4 rats
46 creatures vanquished.

Notes
Turn   | Place    | Note
-------+----------+-------------------------------------------
     0 | D:1      | ytrimaz the Felid Chaos Knight began the quest for the Orb.
     0 | D:1      | Reached XP level 1. HP: 10/10 MP: 2/2
   303 | D:1      | Reached XP level 2. HP: 14/14 MP: 3/3
   387 | D:1      | XOM: silly message
   494 | D:1      | XOM: cloud trail
   695 | D:1      | XOM is BORED!
   695 | D:1      | XOM: give mutations
   695 | D:1      | Gained mutation: Your flesh is cold resistant. (rC+) [Xom's
                  | mischief]
   695 | D:1      | Gained mutation: Your body sometimes deteriorates upon
                  | taking damage. [Xom's mischief]
   695 | D:1      | Lost mutation: Your flesh is cold resistant. (rC+) [Xom's
                  | mischief]
   695 | D:1      | Gained mutation: You are weak. (Str -2) [Xom's mischief]
   813 | D:1      | XOM: god gift: Xom's Compendium of ytrimaz's Curse {god
                  | gift}
   816 | D:1      | Got Xom's Compendium of ytrimaz's Curse {god gift}
   819 | D:1      | Learned a level 1 spell: Shock
  1408 | D:1      | XOM: stat loss: -1 Str (5/6)
  1531 | D:1      | Reached XP level 3. HP: 16/17 MP: 0/5
  1965 | D:2      | XOM: 1-stop teleportation journey
  1992 | D:2      | XOM: noise
  2123 | D:2      | Reached skill level 1 in Spellcasting
  2365 | D:2      | XOM: cloud trail
  2481 | D:2      | XOM: silly message
  2645 | D:2      | Lost mutation: Your body sometimes deteriorates upon taking
                  | damage. [potion of mutation]
  2645 | D:2      | Gained mutation: You possess an exceptional clarity of
                  | mind. [potion of mutation]
  2645 | D:2      | Gained mutation: Your skin changes colour to match your
                  | surroundings (Stealth+). [potion of mutation]
  2645 | D:2      | Lost mutation: You are weak. (Str -2) [potion of mutation]
  2738 | D:3      | XOM: noise
  3030 | D:3      | XOM: silly message
  3172 | D:3      | Noticed a scorpion
  3175 | D:3      | XOM: confuse monster(s)
  3180 | D:3      | XOM: potion effect (invisibility)
  3184 | D:3      | XOM: cast spell 'Summon Ice Beast'
  3185 | D:3      | Slain by a scorpion

Illustrated notes

Levels and vault maps discovered:
D:1:      lightli_arrival_farm, layout_loops_ring
D:2:      layout_loops_ring
D:3:      cheibrodos_thug_alley, layout_loops_cross

Skill      XL: |  1  2  3 |
---------------+----------+-----
Spellcasting   | 1 |  1.3
Fighting       | |  3.3
Dodging        | |  3.6
Unarmed Combat | |  3.7
Air Magic      | |  0.8

Action                   || total
-------------------------++-------
Melee: Unarmed           ||   131
       Bite              ||    12
       Punch             ||     4
 Cast: Shock             ||    34
  Use: Potion            ||     6
       Scroll            ||     2
Armor: Skin              ||     5
Dodge: Dodged            ||   112

Table legend: (Time is in decaauts)
 A = Elapsed time spent in this place.
 B = Non-inter-level travel time spent in this place.
 C = Inter-level travel time spent in this place.
 D = Time resting spent in this place.
 E = Time spent auto-exploring this place.
 F = Levels seen in this place.
 G = Mean time per level.
                   A        B        C        D        E       F      G
               +--------+--------+--------+--------+--------+-----+--------+
         Total |   2918 |   2847 |     71 |    371 |   2081 |   3 |  972.7 |
       Dungeon |   2918 |   2847 |     71 |    371 |   2081 |   3 |  972.7 |
               +--------+--------+--------+--------+--------+-----+--------+

Top non-repeatable levels by time:
     D:1: 1675 daAuts
     D:2: 762 daAuts
     D:3: 481 daAuts
